 Dungeon Crawl Stone Soup version 0.30.0-5-g1a98f26d00 (webtiles) character file.

Game seed: 9104877884379379925

61 Leibowitz the Poker (level 3, -1/30 HPs)
             Began as a Minotaur Gladiator on May 9, 2023.
             Slain by a water moccasin (6 damage)
             ... in a sewer.
             The game lasted 00:04:33 (1690 turns).

Leibowitz the Poker (Minotaur Gladiator)            Turns: 1690, Time: 00:04:34

Health: -1/30      AC:  5    Str: 20    XL:     3   Next: 83%
Magic:  2/2        EV: 12    Int:  5    God:
Gold:   89         SH:  0    Dex: 11    Spells: 2/2 levels left

rFire   . . .        a - +0 trident
rCold   . . .        (no shield)
rNeg    . . .        f - +0 ring mail
rPois   .            c - +0 hat
rElec   .            (no cloak)
rCorr   .            (no gloves)
SInv    .            (no boots)
Will    .....        (no amulet) Stlth
                     (no ring)
HPRegen 0.25/turn    (no ring)
MPRegen 0.08/turn

%: no passive effects
@: very slow
A: horns 2, retaliatory headbutt
a: no special abilities


You were in a sewer.
You visited 1 branch of the dungeon, and saw 3 of its levels.
You also visited: Sewer.

You collected 89 gold pieces.

Inventory:

Hand Weapons
 a - a +0 trident (weapon)
Missiles
 d - a throwing net (quivered)
 e - a javelin
Armour
 c - a +0 hat (worn)
 f - a +0 ring mail (worn)
Jewellery
 h - a ring of magical power
 j - a ring of resist corrosion
Scrolls
 g - a scroll of fog {unknown}
 m - a scroll of amnesia {unknown}
 n - a scroll of teleportation {unknown}
Potions
 l - a potion of degeneration {unknown}


   Skills:
 * Level 2.9 Fighting
 * Level 4.7 Polearms
 - Level 2.0 Throwing
 * Level 1.2 Armour
 * Level 4.0 Dodging


You had 2 spell levels left.
You didn't know any spells.
Your spell library contained the following spells:

 Spells                   Type           Power      Damage    Failure   Level
 Apportation              Tloc           0%         N/A       65%         1
 Necrotise                Necr           0%         1d4       65%         1
 Slow                     Hex            0%         N/A       65%         1
 Summon Small Mammal      Summ           0%         N/A       65%         1
 Confusing Touch          Hex            0%         N/A       95%         3
 Vampiric Draining        Necr           0%         2d6       95%         3


Dungeon Overview and Level Annotations

Branches:
Dungeon (3/15)              Sewer (1/1)

Altars:


Innate Abilities, Weirdness & Mutations

You have a pair of horns on your head.
You reflexively headbutt those who attack you in melee.


Message History

You completely miss the water moccasin.
The water moccasin is moderately wounded.
The water moccasin closely misses you.
You closely miss the water moccasin.
Your headbutt misses the water moccasin.
The water moccasin is moderately wounded.
The water moccasin bites you.
You barely miss the water moccasin.
Your headbutt misses the water moccasin.
The water moccasin is moderately wounded.
The water moccasin misses you.
The water moccasin bites you but does no damage.
You closely miss the water moccasin.
The water moccasin is moderately wounded.
The water moccasin barely misses you. You furiously retaliate!
You headbutt the water moccasin, but do no damage.
The water moccasin bites you!
* * * LOW HITPOINT WARNING * * *
You puncture the water moccasin!
The water moccasin is heavily wounded.
The water moccasin barely misses you. You furiously retaliate!
You headbutt the water moccasin!
Your unstable footing causes you to fumble your attack.
The water moccasin misses you. x2; You furiously retaliate!
You headbutt the water moccasin.
Your unstable footing causes you to fumble your attack.
The water moccasin bites you.
* * * LOW HITPOINT WARNING * * *
You barely miss the water moccasin.
The water moccasin is almost dead.
The water moccasin bites you but does no damage.
The water moccasin barely misses you.
You barely miss the water moccasin.
The water moccasin is almost dead.
The water moccasin misses you.
You hit the water moccasin but do no damage.
Your headbutt misses the water moccasin.
The water moccasin is almost dead.
The water moccasin bites you.
You die...

###### # ##....~.## #$
###..~..~~~..###
#$~##~...~# #~~.~.###
###~.~@.# #.....##
#..~~~S## ##~~.~.~
###.....### ###~~.~.##
#?.##.(.~~####~....###
#$ ###..~.......### #
###.~..~.### ########


You could see a water moccasin.

Vanquished Creatures
  An adder (D:3)
  2 dart slugs (D:1)
  5 ball pythons
  3 bats
  3 endoplasms
  4 giant cockroaches
  5 goblins
  2 hobgoblins
  2 jackals (Sewer)
  6 quokkas
  A frilled lizard (D:1)
  5 kobolds
39 creatures vanquished.

Notes
Turn   | Place    | Note
-------+----------+-------------------------------------------
     0 | D:1      | Leibowitz the Minotaur Gladiator began the quest for the
                  | Orb.
     0 | D:1      | Reached XP level 1. HP: 18/18 MP: 0/0
   236 | D:1      | Reached XP level 2. HP: 25/25 MP: 1/1
   976 | D:2      | Found a faded altar of an unknown god.
  1049 | D:2      | Reached XP level 3. HP: 30/30 MP: 2/2
  1086 | D:2      | Reached skill level 1 in Armour
  1579 | D:3      | Found a glowing drain.
  1599 | Sewer    | Entered a sewer
  1666 | Sewer    | Noticed a water moccasin
  1690 | Sewer    | Slain by a water moccasin

Illustrated notes

Levels and vault maps discovered:
D:1:      kennysheep_arrival_forest, layout_basic,
          chequers_serial_rivers_micro_c
D:2:      layout_rooms, ebering_ecumenical_altar_rust, minmay_strange_pillars
D:3:      layout_basic, portal_sewer_entry_f, uniq_robin
Sewer:    sewer_the_moccasin

Skill      XL: |  1  2  3 |
---------------+----------+-----
Polearms       | 4 |  4.7
Armour         | 1 |  1.2
Dodging        | 4 |  4.0
Fighting       | |  2.9
Throwing       | |  2.0

Action                     || total
---------------------------++-------
  Melee: Trident           ||   103
         Punch             ||     2
         Headbutt          ||     9
  Throw: Throwing net      ||     2
    Use: Potion            ||     3
   Stab: Held in net/web   ||     1
 Armour: Leather armour    ||     2
         Ring mail         ||    34
  Dodge: Dodged            ||    63
